 Dungeon Crawl Stone Soup version 0.20-a0-864-g92acfd1 (webtiles) character file.

2421 Duffy the Blocker (level 9, 0/71 HPs)
             Began as a Formicid Fighter on Mar 12, 2017.
             Was a Follower of Makhleb.
             Slain by an orc warrior
             ... wielding a +0 halberd
              (7 damage)
             ... on level 7 of the Dungeon.
             The game lasted 00:10:07 (8231 turns).

Duffy the Blocker (Formicid Fighter)                Turns: 8231, Time: 00:10:07

Health: 0/71       AC: 11    Str: 24    XL:     9   Next: 76%
Magic:  9/9        EV:  6    Int:  8    God:    Makhleb [*.....]
Gold:   341        SH: 17    Dex: 10    Spells: 8/8 levels left

rFire    . . .     SeeInvis +   a - +1 war axe
rCold    + + .     Gourm    .   q - +0 chain mail
rNeg     . . .     Faith    .   C - +0 large shield
rPois    .         Spirit   .   (helmet unavailable)
rElec    .         Reflect  .   t - +1 cloak
rCorr    .         Harm     +   (no gloves)
MR       .....                  (no boots)
Stlth    ..........             A - amulet of harm
Regen    0.3/turn               D - ring of protection from cold
MPRegen  0.2/turn               w - ring of protection from cold

@: no status effects
A: permanent stasis, dig shafts and tunnels, four strong arms, antennae 3
a: Dig, Shaft Self, Renounce Religion


You were on level 7 of the Dungeon.
You worshipped Makhleb.
Makhleb was aware of your devotion.
You were not hungry.

You visited 2 branches of the dungeon, and saw 8 of its levels.

You collected 341 gold pieces.

Inventory:

Hand Weapons
 a - a +1 war axe (weapon)
 b - a +0 blowgun
 c - a +1 morningstar of freezing
Missiles
 l - 8 javelins of penetration (quivered)
Armour
 q - a +0 chain mail (worn)
 t - a +1 cloak (worn)
 C - a +0 large shield (worn)
Jewellery
 w - a ring of protection from cold (left hand)
 A - an amulet of harm (around neck)
 D - a ring of protection from cold (right hand)
Wands
 v - a wand of clouds (5/9)
 x - a wand of iceblast (10/15)
 E - a wand of flame (27/48)
Scrolls
 h - 2 scrolls of enchant armour
 j - 4 scrolls of enchant weapon
 k - a scroll of holy word {unknown}
 o - a scroll of remove curse
 p - a scroll of blinking {unknown}
 r - a scroll of immolation
 s - a scroll of amnesia {unknown}
 y - a scroll of fog {unknown}
 F - a scroll of magic mapping
 G - a scroll of recharging {unknown}
Potions
 d - 3 potions of might
 e - 4 potions of curing
 i - 6 potions of lignification
 m - 3 potions of flight
 n - a potion of haste {unknown}
 u - 2 potions of heal wounds
 z - a potion of invisibility
 I - a potion of magic {unknown}
Comestibles
 f - 8 bread rations
 g - 4 meat rations
 B - 2 royal jellies
 H - 3 chunks of flesh


   Skills:
 + Level 6.7 Fighting
 + Level 8.4 Axes
 - Level 3.2 Armour
 + Level 9.9 Shields


You had 8 spell levels left.
You didn't know any spells.

Dungeon Overview and Level Annotations

Branches:
Dungeon (7/15)             Temple (1/1) D:5

Altars:
Cheibriados
Dithmenos
Elyvilon
Fedhas
Gozag
Hepliaklqana
Makhleb
Nemelex Xobeh
Okawaru
Qazlal
Ru
Sif Muna
Trog
Uskayaw
Vehumet
Wu Jian
Xom
Yredelemnul
Zin
The Shining One


Innate Abilities, Weirdness & Mutations

You cannot be hasted, slowed, berserked, paralysed or teleported.
You can dig through walls and to a lower floor.
Your four strong arms can wield two-handed weapons with a shield.
You have a pair of large antennae on your head. (SInv)


Message History

The orc warrior hits you with a halberd!
You barely miss the orc warrior.
The orc warrior is severely wounded.
You block the orc warrior's attack.
You hit the orc warrior but do no damage.
The orc warrior is severely wounded.
You block the orc warrior's attack.
You completely miss the orc warrior.
The orc warrior is severely wounded.
The orc warrior hits you with a halberd!
You hit the orc warrior but do no damage.
The orc warrior is severely wounded.
The orc warrior hits you with a halberd!
You hit the orc warrior but do no damage.
The orc warrior is severely wounded.
You block the orc warrior's attack.
You barely miss the orc warrior.
The orc warrior is severely wounded.
The orc warrior hits you with a halberd.
You die...

#.## ###...).#.#.###.# *,****,#
.## #.#.###.#.# *,* *,* **# .#
#####>..#.###.###**,* ### .#
##......o....,,,* #.# .#####
####.#.#o###.##***** #.#
.....####.#.###.{o....# #.#
...........## ##{###.## #.#
.###.#.####.###o## *** #.. .#
#....####.#.#@# #.#
.###...[.####..### #.#
###............# #.#
.........####..################<#
####...%##...............>......#
#.#.###.##..#######.##########
####.#.# #.##..# #.#
.......###.##..# #.#
####.......##..# #.########


You could see an orc warrior.

Vanquished Creatures
  Sigmund (D:4)
  A spriggan (D:7)
  Menkaure (D:7)
  An ice beast (D:7)
  An eye of draining (D:7)
  An ogre (D:4)
  A centaur (D:6)
  2 bullfrogs
  5 scorpions
  A wyvern skeleton (D:7)
  3 wights (D:6)
  3 crimson imps
  3 hounds
  3 orc priests
  A gnoll shaman (D:7)
  7 orc wizards
  A centaur skeleton (D:5)
  Jessica (D:2)
  2 bullfrog skeletons
  3 iguanas (D:7)
  Terence (D:2)
  3 worker ants
  2 worker ant zombies
  4 gnolls (D:7)
  9 adders
  2 shadow imps
  An ooze (D:3)
  3 adder skeletons
  A worm (D:2)
  3 dart slugs
  5 leopard geckos
  29 orcs
  9 bats
  2 giant cockroaches
  6 goblins
  3 hobgoblins
  5 jackals
  7 kobolds
  8 quokkas
  2 ball pythons
  3 frilled lizards
  A quokka skeleton (D:5)
  10 rats
161 creatures vanquished.

Notes
Turn   | Place    | Note
-------+----------+-------------------------------------------
     0 | D:1      | Duffy the Formicid Fighter began the quest for the Orb.
     0 | D:1      | Reached XP level 1. HP: 18/18 MP: 1/1
   157 | D:1      | Reached XP level 2. HP: 24/24 MP: 2/2
   202 | D:1      | Reached skill level 4 in Shields
   656 | D:2      | Noticed Jessica
   697 | D:2      | Killed Jessica
   697 | D:2      | Reached XP level 3. HP: 21/29 MP: 3/3
   818 | D:2      | Found a white marble altar of Elyvilon.
   821 | D:2      | Noticed Terence
   828 | D:2      | Killed Terence
   828 | D:2      | Reached XP level 4. HP: 34/35 MP: 4/4
  1015 | D:3      | Reached skill level 5 in Shields
  1020 | D:3      | Reached XP level 5. HP: 39/41 MP: 5/5
  1334 | D:2      | Found a radiant altar of Vehumet.
  2761 | D:4      | Found a snail-covered altar of Cheibriados.
  2768 | D:4      | Reached XP level 6. HP: 47/47 MP: 6/6
  2821 | D:4      | Noticed an ogre
  2829 | D:4      | Killed an ogre
  2829 | D:4      | Reached skill level 6 in Shields
  2833 | D:4      | Found a bloodstained altar of Trog.
  2880 | D:4      | Reached skill level 5 in Axes
  3269 | D:4      | Reached XP level 7. HP: 39/52 MP: 7/7
  3696 | D:4      | Noticed Sigmund
  3714 | D:4      | Killed Sigmund
  3714 | D:4      | Reached skill level 7 in Shields
  4310 | D:4      | Reached XP level 8. HP: 51/58 MP: 8/8
  4368 | D:5      | Entered Level 5 of the Dungeon
  4725 | D:5      | Found a shadowy altar of Dithmenos.
  4743 | D:5      | Found a staircase to the Ecumenical Temple.
  4749 | Temple   | Entered the Ecumenical Temple
  5019 | D:5      | Reached skill level 8 in Shields
  6147 | D:6      | Reached skill level 5 in Fighting
  6485 | D:6      | Found a burning altar of Makhleb.
  6490 | D:6      | Became a worshipper of Makhleb the Destroyer
  6587 | D:6      | Reached XP level 9. HP: 39/68 MP: 9/9
  7088 | D:6      | Reached skill level 9 in Shields
  7103 | D:6      | Found a blossoming altar of Fedhas.
  7470 | D:7      | Noticed Menkaure
  7476 | D:7      | Killed Menkaure
  8057 | D:7      | Reached * piety under Makhleb
  8231 | D:7      | Slain by an orc warrior

Vault maps used:
D:1:      dpeg_arrival_stone_temple_mockup
D:2:      old_standard_altar, overflow_temple_1_default,
          grunt_decor_mini_mirrors, uniq_jessica, uniq_terence
D:3:      minmay_misc_feat_room, minivault_24
D:4:      kennysheep_slug_shrine, bloody_trog, uniq_sigmund
D:5:      nicolae_dithmenos_shadow_blocks, minmay_temple_entry_hall, first_bread
D:6:      lemuel_coloured_pillars_altar, lightli_temple_of_fire, minmay_holes
D:7:      the_bakery, nrook_loot_triangle, serial_park_tiny_2, uniq_menkaure
Temple:   dshaligram_water_room_temple

Skill      XL: |  1  2  3  4  5  6  7  8  9 |
---------------+----------------------------+-----
Shields        | 4 5 6 7 8 9 |  9.9
Axes           | 3 4 5 6 7 8 |  8.4
Fighting       | 5 6 |  6.7
Armour         | |  3.2

Action                   |  1- 3 |  4- 6 |  7- 9 || total
-------------------------+-------+-------+-------++-------
Melee: War axe           |    60 |   201 |   442 ||   703
 Abil: Dig               |     6 |     2 |     7 ||    15
  Use: Scroll            |       |       |    14 ||    14
  Eat: Chunk             |       |     8 |    18 ||    26
Armor: Scale mail        |    27 |       |       ||    27
       Chain mail        |       |    96 |   119 ||   215
Dodge: Dodged            |    19 |    50 |    50 ||   119
Block: Shield            |    34 |   117 |    16 ||   167
       Large shield      |       |       |   302 ||   302
